Map: Eternal Empire LE

Players

Groovy

  • Race: Terran Terran
  • League: Grandmaster
  • Spawn Location: 7:00

A.I. 2 (Medium) - Winner!

  • Race: Terran Terran
  • Spawn Location: 1:00

VOD

Have the link to the VOD?

Description

Time

  • Played on: June 20, 2020, 2:56 p.m.
  • Length: 8:41
Show
View Real Time Build Order
Export as new Build Order

Groovy Terran 

Build Orders: Gas First Reaper Expand, Mech 

Get SALT Encoding   

  12  0:05  SCV  
  13  0:18  Supply Depot, SCV  
  14  0:30  SCV  
  14  0:31  Refinery  
  15  0:42  SCV  
  16  0:46  Barracks  
  16  0:54  SCV  
  17  1:06  SCV  
  18  1:18  SCV  
  19  1:33  Reaper, Orbital Command  
  20  1:46  Command Center  
  20  1:58  Factory  
  20  2:01  SCV  
  21  2:09  Barracks Reactor, Refinery  
  21  2:13  SCV  
  22  2:18  Supply Depot  
  22  2:29  SCV  
  23  2:45  Factory Tech Lab  
  23  2:47  Marine x2  
  23  2:48  Starport  
  25  2:55  SCV  
  26  3:02  Orbital Command  
  26  3:07  SCV  
  26  3:08  Marine x2  
  26  3:11  Siege Tank  
  32  3:19  SCV  
  33  3:28  SCV  
  33  3:32  Viking  
  36  3:34  Viking  
  36  3:37  Refinery  
  36  3:38  SCV  
  39  3:46  SCV  
  40  3:50  Supply Depot, SCV  
  41  3:58  SCV  
  43  4:02  SCV  
  43  4:03  Siege Tank  
  46  4:11  SCV  
  46  4:12  Supply Depot  
  46  4:14  SCV  
  46  4:15  Viking  
  50  4:19  Viking  
  50  4:23  SCV  
  53  4:27  SCV  
  53  4:29  Supply Depot  
  54  4:36  Siege Tank, SCV  
  58  4:44  SCV  
  59  4:46  Viking  
  59  4:48  SCV  
  62  4:53  Viking  
  62  4:57  SCV  
  62  4:59  Supply Depot  
  65  5:00  SCV  
  65  5:02  Supply Depot  
  66  5:09  SCV  
  66  5:12  SCV  
  68  5:14  Command Center  
  68  5:21  Siege Tank, SCV  
  72  5:24  Viking  
  74  5:29  SCV  
  74  5:32  Supply Depot  
  74  5:34  Refinery  
  75  5:42  SCV  
  76  5:43  SCV  
  77  5:50  Supply Depot  
  77  5:52  Armory x2  
  77  5:54  SCV  
  77  5:55  SCV  
  77  5:57  Siege Tank  
  82  6:06  SCV  
  82  6:07  SCV  
  84  6:19  SCV x2  
  84  6:24  Viking x2  
  90  6:27  Orbital Command  
  90  6:29  Factory  
  90  6:31  SCV x2  
  92  6:40  Terran Vehicle Weapons Level 1, Supply Depot  
  92  6:42  Supply Depot  
  92  6:43  Terran Vehicle And Ship Armor Level 1, SCV  
  92  6:44  SCV  
  94  6:54  Viking x2  
  94  6:55  SCV  
  94  6:56  Orbital Command, SCV  
  100  7:07  Siege Tank, SCV  
  104  7:11  SCV  
  104  7:20  Refinery  
  104  7:21  Factory Tech Lab  
  104  7:23  Factory  
  104  7:24  Refinery, SCV  
  104  7:26  SCV x2  
  104  7:27  Command Center  
  107  7:33  Viking x2  
  107  7:36  SCV  
  112  7:40  Supply Depot  
  112  7:41  Supply Depot  
  112  7:42  Supply Depot  
  109  7:49  SCV  
  109  7:54  Siege Tank x2  
  109  7:55  SCV  
  116  8:00  SCV  
  116  8:02  SCV  
  118  8:06  Viking x2  
  118  8:08  Factory Tech Lab  
  118  8:09  Factory Reactor  
  118  8:10  Factory  
  122  8:13  SCV  
  123  8:20  SCV  
  123  8:25  SCV  
Show
View Real Time Build Order
Export as new Build Order

A.I. 2 (Medium) Terran - Winner!

Build Orders:  

Get SALT Encoding   

  12  0:00  SCV  
  13  0:13  SCV  
  14  0:18  Supply Depot  
  14  0:25  SCV  
  15  0:40  SCV  
  15  0:42  Barracks  
  16  0:51  Refinery  
  16  0:52  SCV  
  17  1:04  SCV  
  18  1:16  Supply Depot  
  18  1:28  Orbital Command  
  18  1:30  Marine  
  19  1:34  Barracks  
  19  1:44  Refinery  
  19  1:52  Marine  
  20  1:57  Factory  
  20  2:11  Barracks Tech Lab  
  20  2:20  Marine  
  20  2:22  Supply Depot  
  21  2:34  Marine  
  22  2:49  Marine  
  23  3:00  Supply Depot  
  23  3:03  Marine  
  24  3:11  SCV  
  25  3:21  Marauder  
  25  3:23  SCV  
  28  3:30  Engineering Bay  
  28  3:32  Hellion  
  30  3:35  SCV  
  31  3:47  Marauder  
  31  3:48  SCV  
  34  3:51  Supply Depot  
  34  4:00  SCV  
  34  4:01  Hellion  
  37  4:12  SCV  
  38  4:23  Hellion  
  40  4:34  SCV  
  40  4:44  Hellion  
  42  5:19  SCV  
  42  6:50  Barracks Tech Lab  
  42  6:51  SCV, Widow Mine  
  45  6:54  Factory  
  45  6:57  Missile Turret  
  45  6:58  Command Center, Missile Turret  
  45  7:02  Marine  
  45  7:03  Sensor Tower  
  45  7:06  Supply Depot  
  45  7:07  Armory  
  46  7:09  Starport  
  46  7:11  Barracks  
  46  7:13  Factory Tech Lab  
  46  7:14  Marine  
  47  7:19  Bunker  
  47  7:31  Supply Depot, Widow Mine  
  49  7:37  Factory Tech Lab  
  47  7:45  Starport Tech Lab  
  36  7:53  Siege Tank  
  34  7:58  Marine  
  34  7:59  Barracks Reactor  
  37  8:10  Marine  
  37  8:11  SCV  
  39  8:13  SCV  
  40  8:20  Refinery  
  40  8:21  Marine  
  40  8:22  Missile Turret  
  40  8:23  SCV  
  40  8:25  SCV  
  43  8:32  Missile Turret  
  45  8:34  Refinery  
Tags
 
Composition
Mech
Matchup
TvT
Race
Terran
Spawn Locations
Cross Positions
Add a new tag
Caveats
  • Supply blocks, unpowered buildings, or Contaminate may cause inaccurate times.
  • Supply counts are checked every 10 seconds.